 Dungeon Crawl Stone Soup version 0.28-a0-1613-gdaab1c2f9b (webtiles) character file.

Game seed: 8866223770329957849

568 bande the Chopper (level 7, 0/44 HPs)
             Began as a Gargoyle Fighter on Jan 21, 2022.
             Slain by a wight (9 damage)
             ... on level 4 of the Dungeon.
             The game lasted 00:08:03 (4033 turns).

bande the Chopper (Gargoyle Fighter)                Turns: 4033, Time: 00:08:03

Health: 0/44       AC: 15    Str: 24    XL:     7   Next: 33%
Magic:  7/7        EV: 10    Int:  9    God:
Gold:   112        SH:  4    Dex: 11    Spells: 6/6 levels left

rFire   . . .      SeeInvis .   a - +1 war axe
rCold   . . .      Faith    .   c - +0 buckler
rNeg    + . .      Spirit   .   p - +6 leather armour "Duem" {Regen+ Str+5}
rPois   ∞          Reflect  .   m - +0 helmet
rElec   +          Harm     .   (no cloak)
rCorr   .          Rampage  .   (no gloves)
Will    .....                   (no boots)
Stlth   +.........              (no amulet)
HPRegen 0.94/turn               (no ring)
MPRegen 0.10/turn               (no ring)

@: no status effects
A: sickness immunity, AC +4, negative energy resistance 1, electricity
resistance, torment resistance 1, petrification resistance
a: no special abilities


You were on level 4 of the Dungeon.
You visited 1 branch of the dungeon, and saw 6 of its levels.

You collected 112 gold pieces.

Inventory:

Hand Weapons
 a - a +1 war axe (weapon)
 b - a +0 flail
Armour
 c - a +0 buckler (worn)
 m - a +0 helmet (worn)
 p - the +6 leather armour "Duem" (worn) {Regen+ Str+5}
   (You found it on level 4 of the Dungeon)

   Str:       It affects your strength (+5).
   Regen:     It increases your rate of health regeneration.
Wands
 d - a wand of mindburst (15)
 l - a wand of digging (5)
Scrolls
 e - 3 scrolls of teleportation
 n - a scroll of amnesia
 o - 2 scrolls of enchant weapon
Potions
 f - a potion of ambrosia {unknown}
 g - 4 potions of heal wounds
 h - a potion of mutation {unknown}
 i - a potion of magic {unknown}
 j - a potion of invisibility {unknown}
 q - a potion of resistance {unknown}


   Skills:
 + Level 4.5 Fighting
 + Level 5.2 Axes
 + Level 4.3 Armour
 + Level 4.2 Shields
 * Level 2.0 Evocations


You had 6 spell levels left.
You didn't know any spells.
Your spell library was empty.

Dungeon Overview and Level Annotations

Branches:
Dungeon (6/15)
 Temple: D:4-7

Altars:
Dithmenos
Elyvilon
Hepliaklqana
Makhleb
Vehumet
Yredelemnul
The Shining One


Innate Abilities, Weirdness & Mutations

You are immune to sickness and miasma.
Your stone body is resilient. (AC +4)
You are immune to poison.
You resist negative energy. (rN+)
You are resistant to electric shocks. (rElec)
You are resistant to unholy torment.
You are immune to petrification.


Message History

No target in view!
You now have 112 gold pieces (gained 9).
Things that are here:
a +0 short sword; a kobold corpse
Found a stone staircase leading down.
There is a stone staircase leading down here.
A wight comes into view. It is wielding a +0 dire flail.
A wight comes into view.
It is wielding a +3 dire flail of freezing. 2 wights come into view.
A wight is wielding a +4 spear of freezing.
A jackal comes into view.
The wight barely misses you.
You hit the wight.
The wight is lightly damaged.
You block the wight's attack.
The wight hits you with a +3 dire flail of freezing.
The wight freezes you. The wight closely misses you.
The wight hits you but does no damage.
You hit the wight but do no damage.
The wight is lightly damaged.
You closely miss the jackal. You completely miss the wight.
The wight hits you with a +0 dire flail!
You block the jackal's attack. The wight hits you but does no damage.
The wight closely misses you. x2; You block the wight's attack.
The jackal barely misses you.
You completely miss the wight.
The wight is lightly damaged.
You hit the wight but do no damage. You slash the jackal!
You kill the jackal!
The wight hits you but does no damage. You block the wight's attack.
The wight hits you from afar with a +2 spear.
The wight misses you.
You slash the wight!
The wight is heavily damaged.
You hit the wight but do no damage.
The wight hits you with a +3 dire flail of freezing!
The wight freezes you.
* * * LOW HITPOINT WARNING * * *
The wight hits you from afar with a +4 spear of freezing!
You die...

### ****** #.# **,**,** #
#.# **,****,* ## #.# **,.*
*,** .##############.#
**..#* *,,**
................##*#..#*
**,,**
>.##########.....#....#
*****,,,* ..#
####.@z...#***,,,,,,,, ..#
*#.z.z.....,,,,,,,,, ..##
#....z.....,,,,,***, ...###
*#..........,,,*** *,
..>..######**...........,,**
**
..(........,............,,*
*
........................,,*
*
....................#####,*
*
.............#**,,,##...##*


You could see 4 wights.

Vanquished Creatures
  A black bear (D:3)
  A necrophage (D:4)
  An ogre (D:6)
  Blork the orc (D:4)
  A hound (D:4)
  An iguana (D:4)
  An orc wizard (D:3)
  A hound skeleton (D:2)
  2 adders (D:2)
  3 adder zombies (D:2)
  An adder skeleton (D:2)
  5 worms
  2 dart slugs (D:2)
  3 orcs (D:3)
  A bat skeleton (D:2)
  A bat zombie (D:2)
  6 endoplasms
  5 giant cockroaches
  5 goblins
  6 hobgoblins
  4 jackals (D:4)
  11 kobolds
  5 quokkas
  9 ball pythons
  A ball python zombie (D:2)
  7 bats
  5 frilled lizards
  2 quokka skeletons
  7 rats
99 creatures vanquished.

Vanquished Creatures (others)
  A withered plant (D:2)
1 creature vanquished.

Grand Total: 100 creatures vanquished

Notes
Turn   | Place    | Note
-------+----------+-------------------------------------------
     0 | D:1      | bande the Gargoyle Fighter began the quest for the Orb.
     0 | D:1      | Reached XP level 1. HP: 14/14 MP: 1/1
   378 | D:1      | Reached XP level 2. HP: 15/19 MP: 2/2
   873 | D:1      | Found a faded altar of an unknown god.
  1056 | D:1      | Reached XP level 3. HP: 18/23 MP: 3/3
  1177 | D:1      | Reached skill level 2 in Axes
  1425 | D:2      | Reached XP level 4. HP: 11/28 MP: 4/4
  1619 | D:2      | Found a radiant altar of Vehumet.
  2261 | D:2      | Reached skill level 3 in Axes
  2571 | D:3      | Found a shadowy altar of Dithmenos.
  2633 | D:3      | Reached XP level 5. HP: 33/33 MP: 5/5
  2636 | D:3      | Noticed a black bear
  2645 | D:3      | Killed a black bear
  2652 | D:3      | You fall into a shaft and drop 3 floors!
  2652 | D:6      | Noticed an ogre
  2656 | D:6      | Killed an ogre
  2657 | D:6      | Reached skill level 4 in Axes
  2657 | D:6      | Reached skill level 1 in Evocations
  2657 | D:6      | Reached XP level 6. HP: 8/38 MP: 6/6
  2918 | D:5      | Entered Level 5 of the Dungeon
  2918 | D:5      | Noticed a water moccasin
  2983 | D:4      | Identified the +6 leather armour "Duem" {Regen+ Str+5}
  3127 | D:4      | Found a burning altar of Makhleb.
  3493 | D:3      | Found a white marble altar of Elyvilon.
  3500 | D:3      | Found a glowing golden altar of the Shining One.
  3507 | D:3      | Found a hazy altar of Hepliaklqana.
  3507 | D:3      | Found a basalt altar of Yredelemnul.
  3748 | D:4      | Noticed a necrophage
  3749 | D:4      | Noticed Blork the orc
  3755 | D:4      | Killed a necrophage
  3756 | D:4      | Reached XP level 7. HP: 41/44 MP: 7/7
  3763 | D:4      | Killed Blork the orc
  3764 | D:4      | Reached skill level 5 in Axes
  4033 | D:4      | Slain by a wight

Illustrated notes

Levels and vault maps discovered:
D:1:      dpeg_arrival_pits, layout_loops_cross, ebering_ecumenical_altar_webs,
          chequers_serial_rivers_micro_b
D:2:      layout_rooms, serial_undead, serial_undead_a, serial_undead_e,
          serial_undead_c, serial_undead_d, serial_undead_d, serial_undead_d,
          serial_undead_b, basic_altar
D:3:      layout_basic, nicolae_overflow_hallway_of_the_gods, hex_tiny
D:4:      layout_layer_cave, lemuel_round_altar, uniq_blork_the_orc
D:5:      layout_loops_corners, lemuel_doored_altar, lemuel_round_altar,
          minmay_temple_entry_fiery, minmay_strange_pillars
D:6:      layout_rooms, nemelex_spade_bored_becter, minmay_pentangle

Skill      XL: |  1  2  3  4  5  6  7 |
---------------+----------------------+-----
Axes           | 2 3 4 5 |  5.2
Shields        | 4 |  4.2
Fighting       | 4 |  4.5
Armour         | 4 |  4.3
Evocations     | 1 2 |  2.0

Action                   |  1- 3 |  4- 6 |  7- 9 || total
-------------------------+-------+-------+-------++-------
Melee: War axe           |    99 |   154 |    32 ||   285
  Use: Scroll            |     4 |     7 |       ||    11
       Potion            |       |     1 |       ||     1
Armor: Scale mail        |    72 |    71 |       ||   143
       Leather armour    |       |    25 |    20 ||    45
Dodge: Dodged            |    54 |    83 |    21 ||   158
Block: Buckler           |    22 |    36 |    12 ||    70

Table legend: (Time is in decaauts)
 A = Elapsed time spent in this place.
 B = Non-inter-level travel time spent in this place.
 C = Inter-level travel time spent in this place.
 D = Time resting spent in this place.
 E = Time spent auto-exploring this place.
 F = Levels seen in this place.
 G = Mean time per level.
                   A        B        C        D        E       F      G
               +--------+--------+--------+--------+--------+-----+--------+
         Total |   4142 |   4089 |     53 |   1290 |   1823 |   6 |  690.3 |
       Dungeon |   4142 |   4089 |     53 |   1290 |   1823 |   6 |  690.3 |
               +--------+--------+--------+--------+--------+-----+--------+

Top non-repeatable levels by time:
     D:1: 1373 daAuts
     D:2: 1156 daAuts
     D:3: 774 daAuts
     D:4: 562 daAuts
     D:6: 266 daAuts
     D:5: 7 daAuts
